 Dungeon Crawl Stone Soup version 0.25-a0-949-gdd2af9e06e (webtiles) character file.

Game seed: 76021791024488306, levelgen mode: deterministic

1027 Flugslaktarn the Chopper (level 8, -11/70 HPs)
             Began as a Minotaur Fighter on May 9, 2020.
             Was a Follower of Makhleb.
             Mangled by a two-headed ogre
             ... wielding a +0 giant spiked club
              (22 damage)
             ... on level 5 of the Dungeon.
             The game lasted 00:02:14 (3285 turns).

Flugslaktarn the Chopper (Minotaur Fighter)         Turns: 3285, Time: 00:02:15

Health: -11/70     AC: 17    Str: 21    XL:     8   Next: 3%
Magic:  8/8        EV:  4    Int:  5    God:    Makhleb [*.....]
Gold:   179        SH: 10    Dex: 12    Spells: 7/7 levels left

rFire    . . .     SeeInvis .   a - +0 war axe
rCold    . . .     Gourm    .   c - +0 kite shield
rNeg     . . .     Faith    .   q - +0 plate armour
rPois    .         Spirit   .   (helmet restricted)
rElec    .         Reflect  .   (no cloak)
rCorr    .         Harm     .   j - +0 pair of gloves
MR       .....                  m - +2 pair of boots
Stlth    ..........             (no amulet)
HPRegen  0.21/turn              (no ring)
MPRegen  0.11/turn              (no ring)

@: no status effects
A: retaliatory headbutt, horns 2
a: Renounce Religion


You were on level 5 of the Dungeon.
You worshipped Makhleb.
Makhleb was aware of your devotion.
You were very hungry.

You visited 2 branches of the dungeon, and saw 6 of its levels.

You collected 179 gold pieces.

Inventory:

Hand Weapons
 a - a +0 war axe (weapon)
Missiles
 s - a throwing net (quivered)
Armour
 b - a +0 scale mail
 c - a +0 kite shield (worn)
 j - a +0 pair of gloves (worn)
   (You found it on level 4 of the Dungeon)
 m - a +2 pair of boots (worn)
   (You found it on level 3 of the Dungeon)
 q - a +0 plate armour (worn)
   (You found it on level 3 of the Dungeon)
Jewellery
 t - an uncursed ring of protection from magic {unknown}
   (You found it on level 4 of the Dungeon)
Scrolls
 g - a scroll of fog
 i - a scroll of enchant weapon {unknown}
 n - 3 scrolls of fear {unknown}
 r - 2 scrolls of identify
 v - a scroll of magic mapping {unknown}
Potions
 d - 2 potions of might
 f - 2 potions of heal wounds {unknown}
 h - a potion of resistance {unknown}
 k - 2 potions of flight {unknown}
 l - a potion of brilliance {unknown}
 o - a potion of mutation {unknown}
 p - a potion of invisibility {unknown}
 u - a potion of lignification {unknown}
Comestibles
 e - 7 rations


   Skills:
 + Level 5.9 Fighting
 * Level 7.1 Axes
 + Level 5.9 Armour
 + Level 5.9 Shields
 + Level 2.6 Invocations


You had 7 spell levels left.
You didn't know any spells.
Your spell library was empty.

Dungeon Overview and Level Annotations

Branches:
Dungeon (5/15)             Temple (1/1) D:4

Altars:
Ashenzari
Dithmenos
Elyvilon
Gozag
Hepliaklqana
Makhleb
Nemelex Xobeh
Okawaru
Ru
Trog
Uskayaw
Wu Jian
Yredelemnul
The Shining One

Shops:
D:4 !   D:5 =!?

Annotations:
D:4 2 runed translucent doors, HoaS's ghost, novice GrBe


Innate Abilities, Weirdness & Mutations

You reflexively headbutt those who attack you in melee.
You have a pair of horns on your head.


Message History

You are too injured to fight recklessly!
You are too injured to fight recklessly!
You are too injured to fight recklessly!
You are too injured to fight recklessly!
You are too injured to fight recklessly!
You are too injured to fight recklessly!
You are too injured to fight recklessly!
You are too injured to fight recklessly!
Unknown command.
You hit the two-headed ogre.
The two-headed ogre is severely wounded.
You block the two-headed ogre's attack.
The two-headed ogre completely misses you.
Your shield and plate armour prevent you from hitting the two-headed ogre.
You headbutt the two-headed ogre!
The two-headed ogre is almost dead.
The two-headed ogre hits you with a +0 giant spiked club.
* * * LOW HITPOINT WARNING * * *
The two-headed ogre hits you with a +0 giant club!!
You die...

#..P....###.#####.##.##.######.#
#[≈.≈≈..# #.............# #.#
#.≈≈≈≈.## #.###......#.## #.#
#≈≈≈≈≈.# #.# #.###### ###.#
#.≈.≈≈.# #.# #.# ####....
#...P..####.# #.# ........
#...........# #.# #####...
###########.###.### #####...
#....@O)# #.......
#.#.###.#######.###### #...#
#.......#.# # #.#.###)#####...#
# #.#.....# ##### #
#########.#.#.###
#.........#.#.# #.#########.#.#
#.# #.#.##############


You could see a two-headed ogre.

Vanquished Creatures
  Sigmund (D:4)
  A phantom (D:5)
  A big kobold (D:4)
  A scorpion (D:4)
  3 crimson imps
  3 hounds
  A bullfrog skeleton (D:5)
  An orc priest (D:4)
  A bullfrog zombie (D:5)
  3 centaur skeletons
  An iguana (D:5)
  2 worker ants
  A hound zombie (D:5)
  A hound skeleton (D:5)
  A worker ant zombie (D:5)
  Robin (D:4)
  8 adders
  3 gnolls (D:5)
  2 adder zombies (D:5)
  2 adder skeletons (D:5)
  3 worms
  A dart slug (D:2)
  5 leopard geckos (D:4)
  7 orcs (D:4)
  10 goblins
  5 hobgoblins
  3 jackals (D:2)
  A quokka (D:2)
  3 bats
  A frilled lizard (D:2)
  3 jackal zombies (D:5)
  5 kobolds
  2 leopard gecko zombies (D:5)
  3 rats
  A bush (D:4)
  A plant (D:4)
92 creatures vanquished.

Vanquished Creatures (others)
  A plant (D:4)
1 creature vanquished.

Grand Total: 93 creatures vanquished

Notes
Turn   | Place    | Note
-------+----------+-------------------------------------------
     0 | D:1      | Flugslaktarn the Minotaur Fighter began the quest for the
                  | Orb.
     0 | D:1      | Reached XP level 1. HP: 19/19 MP: 0/0
   145 | D:2      | Reached XP level 2. HP: 27/27 MP: 1/1
   154 | D:2      | Reached skill level 3 in Axes
   282 | D:2      | Reached XP level 3. HP: 33/33 MP: 2/2
   408 | D:2      | Found a basalt altar of Yredelemnul.
   503 | D:3      | Reached XP level 4. HP: 40/40 MP: 3/3
   580 | D:3      | Found a hazy altar of Hepliaklqana.
   663 | D:3      | Reached skill level 4 in Axes
   770 | D:4      | Found a runed translucent door.
   775 | D:4      | Noticed HoaS's ghost (novice GrBe)
   791 | D:4      | Found a white marble altar of Elyvilon.
   817 | D:4      | Reached XP level 5. HP: 41/47 MP: 4/4
  1190 | D:4      | Found a staircase to the Ecumenical Temple.
  1190 | D:4      | Noticed Robin
  1204 | D:4      | Killed Robin
  1371 | D:4      | Found Amecs's Distillery.
  1390 | Temple   | Entered the Ecumenical Temple
  1503 | Temple   | Became a worshipper of Makhleb the Destroyer
  1547 | D:4      | Noticed Sigmund
  1559 | D:4      | Killed Sigmund
  1559 | D:4      | Reached skill level 5 in Axes
  1559 | D:4      | Reached skill level 5 in Armour
  1559 | D:4      | Reached skill level 1 in Invocations
  1559 | D:4      | Reached XP level 6. HP: 41/55 MP: 5/5
  1566 | D:4      | Reached skill level 5 in Shields
  1696 | D:4      | Reached skill level 5 in Fighting
  1853 | D:4      | Found a sparkling altar of Nemelex Xobeh.
  2030 | D:4      | Found a runed translucent door.
  2153 | D:4      | Reached XP level 7. HP: 53/61 MP: 7/7
  2313 | D:4      | Reached skill level 6 in Axes
  2331 | D:4      | Found a shadowy altar of Dithmenos.
  2554 | D:5      | Entered Level 5 of the Dungeon
  2661 | D:5      | Reached * piety under Makhleb
  2834 | D:5      | Found Bikikhom's Jewellery Shoppe.
  2860 | D:5      | Found Rekicixu's Distillery.
  2862 | D:5      | Noticed a two-headed ogre
  3192 | D:5      | Found Homyg's Magic Scroll Shop.
  3201 | D:5      | Reached skill level 7 in Axes
  3207 | D:5      | Reached XP level 8. HP: 70/70 MP: 8/8
  3285 | D:5      | Mangled by a two-headed ogre

Levels and vault maps discovered:
D:1:      zelgadis_glass_arrival_small, layout_rooms
D:2:      layout_basic, lemuel_crystal_altar, minmay_pentomino_z2
D:3:      layout_loops_cross, lemuel_round_altar, uniq_crazy_yiuf_cottage
D:4:      layout_loops_ring, nemelex_xobeh_ov_fountains_minmay,
          elyvilon_altar_5, kennysheep_mini, minmay_temple_entry_grid,
          ebering_ghost_sewer_f, serial_shops,
          nicolae_shop_competitors_out_of_business, corexii_shack,
          lexackson_kobold_supper, uniq_sigmund, uniq_robin
D:5:      layout_loops_ring, serial_undead, serial_undead_f, serial_undead_f,
          serial_undead_e, serial_undead_a, serial_undead_d, first_ration,
          serial_shops, shop, shop, shop, shop_fountains, shop
Temple:   dpeg_three_leaves_temple

Skill      XL: |  1  2  3  4  5  6  7 |
---------------+----------------------+-----
Axes           | 3 4 5 7 |  7.1
Fighting       | 4 5 |  5.9
Armour         | 4 5 |  5.9
Shields        | 4 5 |  5.9
Invocations    | 1 2 |  2.6

Action                   |  1- 3 |  4- 6 |  7- 9 || total
-------------------------+-------+-------+-------++-------
Melee: War axe           |    42 |   113 |   150 ||   305
       Headbutt          |     6 |    17 |    40 ||    63
  Use: Scroll            |       |     7 |       ||     7
  Eat: Chunk             |       |     4 |     3 ||     7
Armor: Scale mail        |    22 |     4 |       ||    26
       Plate armour      |       |    67 |    86 ||   153
Dodge: Dodged            |    19 |    23 |    13 ||    55
Block: Kite shield       |    29 |    57 |    75 ||   161

Table legend:
 A = Non-vault XP
 B = Vault XP
 C = Vault XP percentage of total XP
 D = Non-vault monster count
 E = Vault monster count
 F = Vault count percentage of total count
                 A         B        C        D         E       F
            +---------+---------+-------+---------+---------+-------
      Total |     876 |     592 |  40.3 |      53 |      37 |  41.1
            +---------+---------+-------+---------+---------+-------
        D:1 |       9 |       0 |   0.0 |       6 |       0 |   0.0
        D:2 |      46 |       1 |   2.1 |      10 |       1 |   9.1
        D:3 |      74 |       0 |   0.0 |       7 |       0 |   0.0
        D:4 |     324 |     364 |  52.9 |      19 |      21 |  52.5
        D:5 |     423 |     227 |  34.9 |      11 |      15 |  57.7
            +---------+---------+-------+---------+---------+-------
